 Dungeon Crawl Stone Soup version 0.23.2-1-ga50397a (webtiles) character file.

Game seed: 9315776312487246498

1021 MalarOregon the Ruffian (level 8, -1/67 HPs)
             Began as a Ghoul Warper on May 28, 2019.
             Was a Follower of Makhleb.
             Slain by a slave (8 damage)
             ... led by Pikel
             ... on level 5 of the Dungeon.
             The game lasted 00:09:28 (4247 turns).

MalarOregon the Ruffian (Ghoul Warper)              Turns: 4247, Time: 00:09:28

Health: -1/67      AC:  4    Str: 15    XL:     8   Next: 22%
Magic:  9/9        EV: 12    Int:  9    God:    Makhleb [*.....]
Gold:   190        SH:  0    Dex:  9    Spells: 8/10 levels left

rFire    . . .     SeeInvis .     - Unarmed
rCold    + . .     Gourm    .   (no shield)
rNeg     + + +     Faith    .   a - +0 leather armour
rPois    ∞         Spirit   .   (no helmet)
rElec    .         Reflect  .   f - +0 cloak
rCorr    .         Harm     .   (no gloves)
MR       .....     Rnd*Tele +   (no boots)
Stlth    ..........             (no amulet)
HPRegen  0.00/turn              k - ring of teleportation (curse)
MPRegen  0.11/turn              i - ring of attention (curse)

@: rotting
A: rotting body, claws 1, carnivore, cold resistance 1, negative energy
resistance 3, inhibited regeneration, torment resistance, unbreathing
a: Renounce Religion


You were on level 5 of the Dungeon.
You worshipped Makhleb.
Makhleb was aware of your devotion.
You were not hungry.

You visited 1 branch of the dungeon, and saw 5 of its levels.

You collected 190 gold pieces.

Inventory:

Missiles
 d - 5 tomahawks of dispersal (quivered) {!f}
 o - 34 poisoned needles
 r - 4 tomahawks
Armour
 a - a +0 leather armour (worn)
 f - a +0 cloak (worn)
   (You found it on level 4 of the Dungeon)
Jewellery
 i - a cursed ring of attention (right claw)
   (You found it on level 1 of the Dungeon)
 k - a cursed ring of teleportation (left claw)
   (You found it on level 1 of the Dungeon)
 m - an uncursed ring of flight {unknown}
   (You found it on level 1 of the Dungeon)
Wands
 x - a wand of acid (6)
   (You found it on level 4 of the Dungeon)
Scrolls
 c - 3 scrolls of blinking
 g - 2 scrolls of identify {@r1}
 q - a scroll of remove curse {unknown}
 t - a scroll of magic mapping
Potions
 b - 2 potions of curing {@q1}
 h - 4 potions of lignification
 j - a potion of cancellation
 l - 2 potions of might
 p - 2 potions of heal wounds {@q2}
 s - a potion of flight
 u - a potion of ambrosia {unknown}
Comestibles
 e - 2 rations {!d}
 n - a chunk of flesh


   Skills:
 + Level 4.5 Fighting
 + Level 3.4 Throwing
 + Level 3.3 Armour
 + Level 3.7 Dodging
 * Level 6.3 Unarmed Combat
 - Level 1.7 Spellcasting
 - Level 2.6 Translocations


You had 8 spell levels left.
You knew the following spells:

 Your Spells              Type           Power        Failure   Level  Hunger
b - Blink                 Tloc           N/A          22%         2    ###....

Your spell library contained the following spells:

 Spells                   Type           Power        Failure   Level  Hunger
 Shroud of Golubria       Chrm/Tloc      #.........   36%         2    ###....
 Gell's Gravitas          Tloc           #.........   38%         3    ####...
 Lesser Beckoning         Tloc           #.........   38%         3    ####...
 Teleport Other           Tloc           #.......     38%         3    ####...
 Passage of Golubria      Tloc           N/A          80%         4    #####..


Dungeon Overview and Level Annotations

Branches:
Dungeon (5/15)
 Temple: D:4-7

Altars:
Fedhas
Makhleb

Annotations:
D:4 Dowan, Duvessa
D:5 Pikel


Innate Abilities, Weirdness & Mutations

Your body is rotting away.
You thrive on raw meat.
You are immune to poison.
You have sharp fingernails.
You are carnivorous and can eat meat at any time.
Your flesh is cold resistant. (rC+)
You are immune to negative energy. (rN+++)
You do not regenerate when monsters are visible.
You are immune to unholy pain and torment.
You can survive without breathing.


Message History

You barely miss the ogre. The ogre closely misses you.
You claw the ogre! You scratch the ogre.
The ogre hits you with a +0 giant club!!
* * * LOW HITPOINT WARNING * * *
You claw the ogre!
You kill the ogre!
Makhleb accepts your kill.
You start resting.
You feel strangely unstable.
You are suddenly yanked towards some nearby monsters!
Your surroundings suddenly seem different.
Duvessa shouts!
Dowan shouts!
Dowan gestures at you while chanting. The puff of flame hits you.
* * * LOW HITPOINT WARNING * * *
There is an open door, spattered with blood here.
Things that are here:
a +0 robe; a +0 short sword
There is a large open door here.
There is a large open door here.
Dowan casts a spell.
Dowan blinks!
Dowan says, "My weaknesses are her strengths!"
Dowan casts a spell.
Dowan blinks!
There is an open door here.
Dowan gestures wildly while chanting.
Dowan blinks!
There is a stone staircase leading down here.
You climb downwards.
Pikel the Slaver comes into view.
He is wielding a +0 whip of electrocution.
Pikel shouts!
Found a whip.
There is a stone staircase leading up here.
The slave shouts!
The giant cockroach zombie barely misses you.
The slave shouts!
The giant cockroach zombie closely misses you.
The worker ant zombie closely misses you.
The wight misses you. The giant cockroach zombie misses you.
The worker ant zombie bites you but does no damage.
The wight hits you with a cursed +0 hand axe.
* * * LOW HITPOINT WARNING * * *
The wight hits you with a cursed +0 hand axe.
* * * LOW HITPOINT WARNING * * *
The slave closely misses you. The slave hits you!
* * * LOW HITPOINT WARNING * * *
The slave hits you!
You die...

...##...#####...........
......#...##............
....!##...##...)Y.......
..........##............
......................#
......$.<..[..........#
..#..............##....
.....#........pp.##....
.... #....K.ZzZ@.......
... #.................
.. #....##........... .
#..)####....###.....
##.. ##..... ..... #...
##.......... ##.
...##...... ....# ..#...
..## ##


You could see Pikel, a sky beast, 2 slaves, a wight, a worker ant zombie and a
giant cockroach zombie.

Vanquished Creatures
  Grinder (D:3)
  An ice beast (D:3)
  A slave (D:3)
  2 ogres (D:4)
  Blork the orc (D:4)
  2 wights (D:3)
  3 orc priests
  2 hounds
  An orc wizard (D:4)
  2 iguanas
  Terence (D:3)
  A worker ant (D:4)
  4 adders
  2 worms
  2 dart slugs
  2 leopard geckos
  8 orcs
  5 ball pythons
  7 bats
  5 giant cockroaches
  12 goblins
  14 hobgoblins
  4 jackals
  A quokka (D:3)
  5 frilled lizards
  7 kobolds
  A leopard gecko skeleton (D:4)
  9 rats
106 creatures vanquished.

Notes
Turn   | Place    | Note
-------+----------+-------------------------------------------
     0 | D:1      | MalarOregon the Ghoul Warper began the quest for the Orb.
     0 | D:1      | Reached XP level 1. HP: 17/17 MP: 2/2
    35 | D:1      | Reached skill level 1 in Throwing
    35 | D:1      | Reached skill level 1 in Armour
   120 | D:1      | Reached XP level 2. HP: 21/24 MP: 3/3
   440 | D:1      | Reached XP level 3. HP: 22/30 MP: 4/4
   558 | D:1      | Learned a level 2 spell: Blink
   752 | D:2      | Reached skill level 3 in Unarmed Combat
   858 | D:2      | Reached XP level 4. HP: 36/37 MP: 5/5
  1213 | D:2      | Found a burning altar of Makhleb.
  1223 | D:2      | Reached XP level 5. HP: 34/45 MP: 6/6
  1231 | D:2      | Became a worshipper of Makhleb the Destroyer
  1305 | D:3      | Noticed Grinder
  1331 | D:2      | HP: 1/45 [orc priest/+0 flail (6)]
  1739 | D:3      | Reached skill level 4 in Unarmed Combat
  1822 | D:3      | Found a blossoming altar of Fedhas.
  1934 | D:3      | Noticed Terence
  1948 | D:3      | Killed Terence
  1948 | D:3      | Reached * piety under Makhleb
  1948 | D:3      | Reached XP level 6. HP: 28/51 MP: 7/7
  1969 | D:3      | Paralysed by Grinder for 7 turns
  1982 | D:3      | Killed Grinder
  1982 | D:3      | Reached XP level 7. HP: 49/58 MP: 8/8
  2190 | D:3      | Reached skill level 5 in Unarmed Combat
  2484 | D:4      | Noticed Blork the orc
  2498 | D:4      | Killed Blork the orc
  2529 | D:4      | Noticed Duvessa
  2529 | D:4      | Noticed Dowan
  2871 | D:5      | Entered Level 5 of the Dungeon
  3858 | D:3      | Reached skill level 6 in Unarmed Combat
  3858 | D:3      | Reached XP level 8. HP: 66/67 MP: 9/9
  4239 | D:5      | Noticed Pikel
  4247 | D:5      | Slain by a slave

Skill      XL: |  1  2  3  4  5  6  7 |
---------------+----------------------+-----
Throwing       | 1 2 3 |  3.4
Armour         | 1 2 3 |  3.3
Dodging        | 2 3 |  3.7
Unarmed Combat | 3 4 6 |  6.3
Fighting       | 3 4 |  4.5
Spellcasting   | |  1.7
Translocations | |  2.6

Action                   |  1- 3 |  4- 6 |  7- 9 || total
-------------------------+-------+-------+-------++-------
Melee: Unarmed           |   129 |   138 |   139 ||   406
       Punch             |     2 |     2 |     5 ||     9
 Cast: Blink             |       |       |     1 ||     1
  Use: Potion            |       |     3 |     1 ||     4
       Scroll            |       |     1 |     8 ||     9
  Eat: Chunk             |     8 |    14 |     8 ||    30
Armor: Leather armour    |    32 |    35 |    16 ||    83
Dodge: Dodged            |    78 |    78 |    74 ||   230
